 Seeded DCSS version 0.25-a0-287-g56a5b49 (webtiles) character file.

Game seed: 20191212, levelgen mode: deterministic

109 FruityBerryJuice the Cudgeler (level 4, 0/40 HPs)
             Began as a Draconian Berserker on Dec 12, 2019.
             Was a Follower of Trog.
             Slain by an adder (3 damage)
             ... on level 3 of the Dungeon.
             The game lasted 00:04:19 (931 turns).

FruityBerryJuice the Cudgeler (Draconian Berserker)  Turns: 931, Time: 00:04:20

Health: 0/40       AC:  5    Str: 20    XL:     4   Next: 59%
Magic:  4/4        EV: 13    Int:  7    God:    Trog [*.....]
Gold:   56         SH:  0    Dex: 11    Spells: 3/3 levels left

rFire    . . .     SeeInvis .   a - +0 mace
rCold    . . .     Gourm    .   (no shield)
rNeg     . . .     Faith    .   (armour unavailable)
rPois    .         Spirit   .   (helmet restricted)
rElec    .         Reflect  .   (no cloak)
rCorr    .         Harm     .   (no gloves)
MR       .....                  (no boots)
Stlth    +.........             (no amulet)
HPRegen  0.13/turn              (no ring)
MPRegen  0.09/turn              (no ring)

@: lethally poisoned (0 -> -4), berserk cooldown
A: unfitting armour, cold-blooded, AC +5
a: Berserk, Renounce Religion


You were on level 3 of the Dungeon.
You worshipped Trog.
Trog was aware of your devotion.
You were not hungry.

You visited 1 branch of the dungeon, and saw 3 of its levels.

You collected 56 gold pieces.

Inventory:

Hand Weapons
 a - a +0 mace (weapon)
Scrolls
 c - 2 scrolls of remove curse {unknown}
 e - 2 scrolls of identify {unknown}
 h - a scroll of random uselessness {unknown}
Potions
 d - a potion of mutation {unknown}
 f - a potion of berserk rage {unknown}
 g - a potion of haste {unknown}
Comestibles
 b - a ration


   Skills:
 + Level 4.1 Fighting
 + Level 4.2 Maces & Flails
 + Level 3.4 Dodging
 + Level 0.1 Stealth


You had 3 spell levels left.
You didn't know any spells.
Your spell library was empty.

Dungeon Overview and Level Annotations

Branches:
Dungeon (3/15)

Altars:


Innate Abilities, Weirdness & Mutations

Your plain brown scales are hard. (AC +5)
You cannot fit into any form of body armour.
You are cold-blooded and may be slowed by cold attacks.


Message History

You feel sick. The adder bites you but does no damage.
The dart slug misses you.
You're still recovering from your berserk rage.
You closely miss the adder.
The adder is moderately wounded.
* * * LOW HITPOINT WARNING * * *
You feel sick. The adder completely misses you. The adder misses you.
The dart slug launches a dart at you. The slug dart misses you.
You miss the adder.
The adder is moderately wounded.
* * * LOW HITPOINT WARNING * * *
You feel sick. The adder closely misses you.
You're still recovering from your berserk rage.
You hit the orc.
The orc is heavily wounded.
* * * LOW HITPOINT WARNING * * *
You feel sick. The adder misses you. The orc closely misses you.
The dart slug misses you. The adder bites you.
You die...

..........#
...........#
...........#
...........#
...........#
...........#
...........#
.......w...#
......o@S..#
...[.......#
...........#
############


You could see an adder, a dart slug and an orc.

Vanquished Creatures
  Natasha (thrice) (D:2)
  An adder (D:3)
  2 worms (D:2)
  A leopard gecko (D:2)
  A ball python (D:1)
  A giant cockroach (D:2)
  3 hobgoblins
  3 jackals (D:1)
  2 kobolds (D:2)
  A bat (D:1)
  2 goblins
  A rat (D:2)
21 creatures vanquished.

Notes
Turn   | Place    | Note
-------+----------+-------------------------------------------
     0 | D:1      | FruityBerryJuice the Draconian Berserker began the quest
                  | for the Orb.
     0 | D:1      | Reached XP level 1. HP: 19/19 MP: 1/1
    87 | D:1      | Reached XP level 2. HP: 19/26 MP: 2/2
   137 | D:2      | Noticed Natasha
   147 | D:2      | Killed Natasha
   147 | D:2      | Reached XP level 3. HP: 10/33 MP: 3/3
   465 | D:2      | Noticed Natasha
   474 | D:2      | Killed Natasha
   480 | D:2      | Noticed Natasha
   497 | D:2      | Killed Natasha
   497 | D:2      | Reached XP level 4. HP: 10/40 MP: 4/4
   931 | D:3      | Slain by an adder

Levels and vault maps discovered:
D:1:      dpeg_arrival_triangle_fractal, layout_basic
D:2:      layout_basic, uniq_natasha
D:3:      minmay_diamond_boxcup, layout_basic, first_ration

Skill      XL: |  1  2  3 |
---------------+----------+-----
Dodging        | 3 |  3.4
Fighting       | 4 |  4.1
Maces & Flails | 4 |  4.2
Stealth        | |  0.1

Action                   |  1- 3 |  4- 6 || total
-------------------------+-------+-------++-------
Melee: Mace              |    54 |    24 ||    78
       Tailslap          |     8 |     2 ||    10
Invok: Berserk           |     1 |     1 ||     2
 Stab: Sleeping          |       |     1 ||     1
  Eat: Ration            |       |     1 ||     1
Armor: Skin              |    22 |     9 ||    31
Dodge: Dodged            |    43 |    25 ||    68

Table legend:
 A = Non-vault XP
 B = Vault XP
 C = Vault XP percentage of total XP
 D = Non-vault monster count
 E = Vault monster count
 F = Vault count percentage of total count
                 A         B        C        D         E       F
            +---------+---------+-------+---------+---------+-------
      Total |     120 |      36 |  23.1 |      20 |       1 |   4.8
            +---------+---------+-------+---------+---------+-------
        D:1 |      12 |       0 |   0.0 |       7 |       0 |   0.0
        D:2 |      94 |      36 |  27.7 |      12 |       1 |   7.7
        D:3 |      14 |       0 |   0.0 |       1 |       0 |   0.0
            +---------+---------+-------+---------+---------+-------
